 Dungeon Crawl Stone Soup version 0.31-a0-1178-gc5c9b8f871 (webtiles) character file.

Game seed: 15708323197858680997

58 Ge0ff the Cutter (level 4, 0/27 HPs)
             Began as a Kobold Reaver on Dec 11, 2023.
             Succumbed to an adder's poison
             ... on level 3 of the Dungeon.
             The game lasted 00:03:34 (2653 turns).

Ge0ff the Cutter (Kobold Reaver)                    Turns: 2653, Time: 00:03:34

Health: 0/27       AC:  5    Str: 11 (13) XL:     4   Next: 20%
Magic:  7/7        EV: 15    Int: 11 (14) God:
Gold:   62         SH:  0    Dex: 18 (19) Spells: 6/7 levels left

rFire   . . .        a - +3 orcbow of the Firefly {drain, rElec rC- Str+4 Dex+4}
rCold   x . .        (shield currently unavailable)
rNeg    . . .        b - +0 leather armour
rPois   .            (no helmet)
rElec   +            (no cloak)
rCorr   .            c - +1 pair of gloves
SInv    .            (no boots)
Will    .....        (no amulet)
Stlth   +++          (no ring)
HPRegen 0.24/turn    (no ring)
MPRegen 0.10/turn

%: no passive effects
@: brilliant, lethally poisoned (0 -> -11)
A: small, no large weapons, nightstalker 3
a: no special abilities


You were on level 3 of the Dungeon.
You visited 1 branch of the dungeon, and saw 3 of its levels.

You collected 240 gold pieces.
You spent 178 gold pieces at shops.

Inventory:

Hand Weapons
 a - the +3 orcbow of the Firefly (weapon) {drain, rElec rC- Str+4 Dex+4}
   (You bought it in a shop on level 1 of the Dungeon)

   Str+4:     It affects your strength (+4).
   Dex+4:     It affects your dexterity (+4).
   rC-:       It makes you vulnerable to cold.
   rElec:     It insulates you from electricity.
 l - a +0 short sword
Missiles
 i - 12 stones
Armour
 b - a +0 leather armour (worn)
 c - a +1 pair of gloves (worn)
Scrolls
 d - 2 scrolls of fog {unknown}
 f - a scroll of identify {unknown}
 j - a scroll of enchant armour {unknown}
 k - 2 scrolls of amnesia {unknown}
Potions
 g - a potion of lignification {unknown}
 z - a potion of brilliance


   Skills:
 + Level 2.6 Fighting
 + Level 4.8 Short Blades
 * Level 1.0 Ranged Weapons
 + Level 0.9 Armour
 - Level 3.0 Dodging
 + Level 1.5 Stealth
 - Level 2.1 Spellcasting
 - Level 3.0 Conjurations


You had 6 spell levels left.
You knew the following spells:

 Your Spells              Type           Power      Damage    Failure   Level
E - Kiss of Death         Conj/Necr      24%        2d7       21%         1

Your spell library contained the following spells:

 Spells                   Type           Power      Damage    Failure   Level
 Momentum Strike          Conj/Tloc      12%        3d8       30%         2
 Poisonous Vapours        Pois/Air       2%         N/A       50%         2
 Hailstorm                Conj/Ice       6%         3d5       52%         3
 Mephitic Cloud           Conj/Pois/Air  5%         N/A       58%         3
 Freezing Cloud           Conj/Ice/Air   2%         6-21      100%        5


Dungeon Overview and Level Annotations

Branches:
Dungeon (3/15) Zot: 15369

Altars:

Shops:
D:1 ?(*[


Innate Abilities, Weirdness & Mutations

You are small and have problems with some larger weapons.
You are completely attuned to the shadows.


Message History

Your Ranged Weapons skill increases to level 1!
A kobold comes into view. It is wielding a +0 dagger.
You shoot an arrow. The arrow hits the kobold!
You kill the kobold!
Things that are here:
a +0 dagger; a kobold corpse
Found a stone staircase leading down.
An adder comes into view.
You shoot an arrow. The arrow hits the adder.
The adder is lightly wounded.
You shoot an arrow. The arrow misses the adder.
The adder barely misses you. The adder bites you.
You are poisoned.
The adder poisons you!
You shoot an arrow. The arrow closely misses the adder.
You feel sick. The adder misses you. The adder bites you but does no damage.
You shoot an arrow. The arrow misses the adder.
You feel sick. The adder closely misses you. x2
You shoot an arrow. The arrow barely misses the adder.
You feel sick.
You are no longer poisoned.
The adder closely misses you. x2
You shoot an arrow. The arrow barely misses the adder.
The adder bites you.
You are poisoned.
The adder poisons you! The adder barely misses you.
You shoot an arrow. The arrow barely misses the adder.
You feel sick. The adder bites you but does no damage.
The adder barely misses you.
You shoot an arrow. The arrow barely misses the adder.
You feel sick. The adder bites you.
You shoot an arrow. The arrow hits the adder.
The adder is severely wounded.
You feel sick.
You are no longer poisoned.
The adder bites you.
You are poisoned.
The adder poisons you! The adder bites you.
* * * LOW HITPOINT WARNING * * *
You are more poisoned.
The adder poisons you!
It was a potion of brilliance.
You feel clever all of a sudden.
z - a potion of brilliance
* * * LOW HITPOINT WARNING * * *
You feel sick. The adder bites you.
* * * LOW HITPOINT WARNING * * *
You are more poisoned.
The adder poisons you! The adder barely misses you.
It was a potion of degeneration.
There was something very wrong with that liquid.
You feel weakened.
You feel dopey.
You feel clumsy.
You die...

.. .#
###.##..#
...>.#..#
.....S..#
#@# ###.#
#...#
#.### #.#
#.####.
#......
#..###
#....#####


You could see an adder.

Vanquished Creatures
  2 adders (D:3)
  A dart slug (D:1)
  4 ball pythons
  4 endoplasms
  3 giant cockroaches
  A goblin (D:1)
  2 hobgoblins (D:1)
  2 jackals (D:1)
  2 quokkas (D:1)
  5 bats
  4 frilled lizards (D:1)
  2 kobolds
  3 rats
35 creatures vanquished.

Notes
Turn   | Place    | Note
-------+----------+-------------------------------------------
     0 | D:1      | Ge0ff the Kobold Reaver began the quest for the Orb.
     0 | D:1      | Reached XP level 1. HP: 12/12 MP: 3/3
    10 | D:1      | Found Tuithrarapp's Antique Armour Shop.
   143 | D:1      | Found Isaleej's Weapon Emporium.
   211 | D:1      | Reached XP level 2. HP: 17/17 MP: 5/5
   247 | D:1      | Found Voexkata's Assorted Antiques.
   463 | D:1      | Reached skill level 1 in Stealth
   753 | D:1      | Reached XP level 3. HP: 18/22 MP: 6/6
   794 | D:1      | Found Unwamep's Magic Scroll Emporium.
  1788 | D:1      | Bought a crystal orcbow for 178 gold pieces
  1788 | D:1      | Identified the +3 orcbow of the Firefly {drain, rElec rC-
                  | Str+4 Dex+4} (You bought it in a shop on level 1 of the
                  | Dungeon)
  2598 | D:3      | Reached XP level 4. HP: 27/27 MP: 7/7
  2607 | D:3      | Reached skill level 1 in Ranged Weapons
  2653 | D:3      | Succumbed to an adder's poison

Illustrated notes

Levels and vault maps discovered:
D:1:      eino_arrival_water_cross, layout_basic, serial_shops, shop, shop,
          nicolae_shop_statue_plus, shop, kennysheep_pointless_box
D:2:      layout_basic, nrook_mini_backslash
D:3:      layout_basic, nemelex_spade_bored_becter, general_overflow_altar,
          st_stairs_14, nrook_mini_vaults

Skill      XL: |  1  2  3  4 |
---------------+-------------+-----
Stealth        | 1 |  1.5
Dodging        | 3 |  3.0
Ranged Weapons | 1 |  1.0
Fighting       | |  2.6
Short Blades   | |  4.8
Armour         | |  0.9
Spellcasting   | |  2.1
Conjurations   | |  3.0

Action                     |  1- 3 |  4- 6 || total
---------------------------+-------+-------++-------
  Melee: Short sword       |   136 |       ||   136
         Punch             |     3 |       ||     3
   Fire: Orcbow            |     3 |    14 ||    17
    Use: Potion            |       |     2 ||     2
   Stab: Sleeping          |     8 |       ||     8
         Distracted        |     1 |       ||     1
 Armour: Leather armour    |    54 |    10 ||    64
  Dodge: Dodged            |    76 |    10 ||    86

Table legend: (Time is in decaauts)
 A = Elapsed time spent in this place.
 B = Non-inter-level travel time spent in this place.
 C = Inter-level travel time spent in this place.
 D = Time resting spent in this place.
 E = Time spent auto-exploring this place.
 F = Levels seen in this place.
 G = Mean time per level.
                   A        B        C        D        E       F      G
               +--------+--------+--------+--------+--------+-----+--------+
         Total |   2630 |   2381 |    249 |      0 |   2003 |   3 |  876.7 |
       Dungeon |   2630 |   2381 |    249 |      0 |   2003 |   3 |  876.7 |
               +--------+--------+--------+--------+--------+-----+--------+

Top non-repeatable levels by time:
     D:2: 1564 daAuts
     D:1: 1000 daAuts
     D:3: 65 daAuts
